 Dungeon Crawl Stone Soup version 0.14-a0-3315-g09e681a (webtiles) character file.

5362 Piculus the Prestidigitator (level 10, -5/44 HPs)
             Began as a Vine Stalker Necromancer on Mar 12, 2014.
             Was a Priest of Nemelex Xobeh.
             Slain by an unseen horror (6 damage)
             ... on Level 10 of the Dungeon on Mar 15, 2014.
             The game lasted 01:30:48 (9325 turns).

Piculus the Prestidigitator (VSNe)                  Turns: 9325, Time: 01:30:48

HP  -5/44        AC  9     Str 11      XL: 10   Next: 55%
MP   0/24        EV 12     Int 17      God: Nemelex Xobeh [***...]
Gold 341         SH 11     Dex 16      Spells:  6 memorised,  2 levels left

rFire  + . .     SeeInvis .     K - +0,+2 dagger (elec)
rCold  . . .     Clarity  .     M - +2 robe {rF+}
rNeg   . . .     Conserve .     R - +0 buckler
rPois  .         rCorr    .     j - +2 helmet
rElec  .         rRot     +     (no cloak)
SustAb . .       Spirit   +     s - +0 pair of gloves
rMut   .         Warding  .     L - +0 pair of boots
Saprov . . .     Stasis   .     (no amulet)
MR     ++...                    (no ring)
                                r - ring of protection from magic

@: about to teleport, very slightly contaminated, very resistant to hostile
enchantments, fairly stealthy
A: fangs 3, regeneration 2, magic shield, antimagic bite, no device heal
a: Draw One, Peek at Two, Triple Draw, Renounce Religion


You were on level 10 of the Dungeon.
You worshipped Nemelex Xobeh.
Nemelex Xobeh was most pleased with you.
You were hungry.

You visited 2 branches of the dungeon, and saw 11 of its levels.
You also visited: Sewer.

You collected 476 gold pieces.
You spent 135 gold pieces at shops.


Innate Abilities, Weirdness & Mutations

You have razor-sharp teeth.
You heal very quickly.
When hurt, damage is shared between your health and your magic reserves.
Your bite disrupts and absorbs the magic of your enemies.
Potions and wands cannot restore your HP.


   Skills:
 - Level 1.6 Dodging
 - Level 2.6 Stealth
 - Level 5.2 Shields
 + Level 4.3 Spellcasting
 + Level 9.8 Necromancy
 - Level 10.1 Evocations


You had 2 spell levels left.
You knew the following spells:

 Your Spells              Type           Power        Failure   Level  Hunger
a - Pain                  Necr           ####         1%          1    None
g - Regeneration          Chrm/Necr      ###.......   8%          3    ###....
r - Recall                Summ/Tloc      N/A          47%         3    ###....
x - Vampiric Draining     Necr           #####.....   1%          3    ###....
X - Control Undead        Necr           #####.....   3%          4    ####...
Z - Animate Skeleton      Necr           N/A          1%          1    None

Inventory:

Hand weapons
 e - a +4,+1 dagger of venom
 K - a +0,+2 dagger of electrocution (weapon)
Missiles
 o - a throwing net (quivered)
Armour
 j - a +2 helmet (worn)
 s - a +0 pair of gloves (worn)
 A - a +2 robe of positive energy
 L - a +0 pair of boots (worn)
 M - a +2 robe of fire resistance (worn)
 R - a +0 buckler (worn)
Magical devices
 p - a wand of digging (11)
 z - a wand of enslavement (7)
 G - a wand of slowing (9)
 I - a wand of enslavement (11)
Comestibles
 t - 2 bread rations
 E - a rotting chunk of bat flesh {@*1}
 N - a meat ration
Scrolls
 d - 6 scrolls of remove curse
 g - 4 scrolls of identify
 n - 2 scrolls of magic mapping {unknown}
 v - a scroll of fear {unknown}
 w - 4 scrolls of amnesia {unknown}
 x - a scroll of blinking
 B - a scroll of fog {unknown}
 C - 3 scrolls of enchant weapon II {unknown}
 D - 3 scrolls of immolation {unknown}
 H - 3 scrolls of enchant weapon I
Jewellery
 r - a ring of protection from magic (left hand)
Potions
 f - 5 potions of curing
 i - 2 potions of magic
 k - a potion of flight
 q - 2 potions of haste
 u - a potion of might
 F - a potion of heal wounds {unknown}
 P - 2 potions of brilliance {unknown}
 Q - a potion of lignification {unknown}
Books
 b - a book of Necromancy

   Spells                             Type                      Level
   *Pain                              Necromancy                   1
   *Animate Skeleton                  Necromancy                   1
   Lethal Infusion                    Charms/Necromancy            2
   *Vampiric Draining                 Necromancy                   3
   *Regeneration                      Charms/Necromancy            3
   Animate Dead                       Necromancy                   4
   *Control Undead                    Necromancy                   4
 h - a book of Enchantments

   Spells                             Type                      Level
   Cause Fear                         Hexes                        4
   Silence                            Hexes/Air                    5
   Tukima's Dance                     Hexes                        5
   Deflect Missiles                   Charms/Air                   6
   Haste                              Charms                       6
   Discord                            Hexes                        8
 m - a book of Unlife

   Spells                             Type                      Level
   *Recall                            Summoning/Translocation      3
   Animate Dead                       Necromancy                   4
   *Control Undead                    Necromancy                   4
   Twisted Resurrection               Necromancy                   5
   Death Channel                      Necromancy                   6
   Simulacrum                         Ice/Necromancy               6
 y - a book of Maledictions

   Spells                             Type                      Level
   Corona                             Hexes                        1
   Sure Blade                         Hexes/Charms                 2
   Ensorcelled Hibernation            Hexes/Ice                    2
   Confuse                            Hexes                        3
   Enslavement                        Hexes                        4
   Invisibility                       Hexes                        6
Miscellaneous
 a - an ornate deck of summonings {drawn: 1}
 c - a plain deck of destruction {Vitriol}
 l - a plain deck of summonings {the Crusade}

Dungeon Overview and Level Annotations

Branches:
Dungeon (10/15)            Temple (1/1) D:4             Orc (0/4) D:9
   Lair: D:8-11

Altars:
Ashenzari
Cheibriados
Dithmenos
Elyvilon
Fedhas
Kikubaaqudgha
Makhleb
Nemelex Xobeh
Okawaru
Sif Muna
Trog
Vehumet
Xom
Yredelemnul
Zin
The Shining One
Lugonu

Shops:
D:7 *:[(

Annotations:
D:7 hunterx7d's ghost, experienced DrTm

▒$······z▒
▒········▒
▒········▒
▒········▒
▒········▒
▒▒▒▒▒▒▒·▒▒
▒·▒
▒▒▒▒▒▒▒·▒
▒···)·P·▒
▒)······▒
▒·······▒
▒·······▒
▒▒▒▒▒*▒▒▒
▒· ▒· ·f ·


You could see a giant spore.


Message History

* * * LOW HITPOINT WARNING * * *
Something hits your crocodile skeleton!
Your crocodile skeleton bites something!
Something hits your crocodile skeleton! Something hits your crocodile skeleton.
Your crocodile skeleton is destroyed!
There is a stone staircase leading down here.
You can't go up here!
Something hits you.
* * * LOW HITPOINT WARNING * * *
You block its attack.
You climb downwards.
There is a stone staircase leading up here.
You start resting.
You start resting.
Something hits you!
* * * LOW HITPOINT WARNING * * *
Read which item? (? for menu, Esc to quit)
Blink to where?
As you read the scroll of blinking, it crumbles to dust.
You are very lightly contaminated with residual magic.
A giant spore comes into view.
A ballistomycete grows in the wake of the spore.
Found two long swords.
Read which item? (? for menu, Esc to quit)
As you read the scroll of teleportation, it crumbles to dust.
You feel strangely unstable. Something hits you.
* * * LOW HITPOINT WARNING * * *
Something hits you.
You die...
Your body glows with a rainbow of weird colours and disappears.

Action                   |  1- 3 |  4- 6 |  7- 9 | 10-12 || total
-------------------------+-------+-------+-------+-------++-------
Melee: Unarmed           |     5 |       |       |       ||     5
       Dagger            |    22 |    50 |   391 |    73 ||   536
 Cast: Pain              |    40 |   117 |   182 |   100 ||   439
       Animate Skeleton  |     5 |    18 |    24 |     4 ||    51
       Regeneration      |       |       |     3 |     1 ||     4
       Vampiric Draining |       |       |       |     8 ||     8
       Control Undead    |       |       |       |     5 ||     5
Invok: Draw One          |       |       |       |     1 ||     1
Evoke: Wand              |       |     1 |     3 |     3 ||     7
  Use: Potion            |     1 |       |       |       ||     1
       Scroll            |       |     9 |     4 |     5 ||    18
 Stab: Distracted        |       |     1 |       |     1 ||     2
       Sleeping          |       |       |     2 |     1 ||     3

Vault maps used:
D:1:      erik_arrival_cave_to_civilisation
D:2:      lemuel_doored_altar, nicolae_overflow_hidden_temple,
          gammafunk_temple_overflow_forgotten
D:3:      serial_curves, eino_curves_04, eino_curves_03, grunt_ministairs_1,
          uniq_iyjb
D:4:      minmay_temple_entry_purple_smoke, serial_bayou_lagoon_b,
          uniq_blork_the_orc
D:5:      first_bread, serial_bayou, serial_bayou_pond_d, serial_bayou_pond_a,
          serial_bayou_shore_b, serial_bayou_pond_a
D:6:      gup_sewer_entry_glass
D:7:      general_overflow_altar, serial_shops, nicolae_shop_crystal,
          nicolae_shop_crystal, nicolae_shop_competitors_out_of_business,
          nicolae_shop_overgrown_old_shop
D:8:      uniq_erolcha
D:9:      zombieorc2_lemuel
D:10:     wad_cavern_with_rooms, uniq_nergalle
Temple:   corrupted_temple_6
Sewer:    sewer_kobold_necro_badplayer

Notes
Turn   | Place    | Note
--------------------------------------------------------------
     0 | D:1      | Piculus, the Vine Stalker Necromancer, began the quest for the Orb.
     0 | D:1      | Reached XP level 1. HP: 9/9 MP: 3/3
   355 | D:1      | Reached XP level 2. HP: 8/13 MP: 0/6
   745 | D:2      | Reached XP level 3. HP: 12/16 MP: 1/7
   771 | D:2      | Learned a level 1 spell: Animate Skeleton
   865 | D:2      | Reached skill level 5 in Necromancy
   996 | D:2      | Found a bloodstained altar of Trog.
  1000 | D:2      | Found a shimmering altar of Xom.
  1018 | D:2      | Found an ancient bone altar of Kikubaaqudgha.
  1028 | D:2      | Reached XP level 4. HP: 17/21 MP: 9/9
  1123 | D:2      | Upgraded the game from 0.14-a0-3247-g5fd345f to 0.14-a0-3294-g830ee6c
  1331 | D:2      | Found a shadowy altar of Dithmenos.
  1614 | D:3      | Learned a level 3 spell: Regeneration
  1732 | D:3      | Noticed Ijyb
  1740 | D:3      | Killed Ijyb
  1740 | D:3      | Reached skill level 6 in Necromancy
  1740 | D:3      | Reached XP level 5. HP: 17/24 MP: 3/11
  1768 | D:3      | Upgraded the game from 0.14-a0-3294-g830ee6c to 0.14-a0-3295-g3fd807f
  2211 | D:3      | Learned a level 3 spell: Recall
  2280 | D:2      | Found a shattered altar of Ashenzari.
  2280 | D:2      | Found a basalt altar of Yredelemnul.
  2280 | D:2      | Found a sparkling altar of Nemelex Xobeh.
  2280 | D:2      | Found a radiant altar of Vehumet.
  2286 | D:2      | Found a blossoming altar of Fedhas.
  2292 | D:2      | Became a worshipper of Nemelex Xobeh
  2330 | D:4      | Gained mutation: You heal very quickly. [vine stalker growth]
  2330 | D:4      | Reached XP level 6. HP: 24/28 MP: 7/13
  2360 | D:4      | Reached skill level 7 in Necromancy
  2579 | D:4      | Found a staircase to the Ecumenical Temple.
  2600 | D:4      | Noticed Blork the orc
  2607 | D:4      | HP: 8/28 [Blork the orc/trident (9)]
  2608 | D:4      | HP: 2/28 [Blork the orc/trident (5)]
  2801 | D:4      | Noticed an ogre
  2812 | D:4      | Killed an ogre
  2909 | D:4      | HP: 1/28 [Blork the orc/trident (12)]
  2910 | D:4      | Killed Blork the orc
  2910 | D:4      | Reached skill level 8 in Necromancy
  2910 | D:4      | Reached XP level 7. HP: 1/32 MP: 0/14
  3028 | Temple   | Entered the Ecumenical Temple
  3495 | D:5      | Entered Level 5 of the Dungeon
  3631 | D:5      | Reached skill level 9 in Necromancy
  3699 | D:5      | Received a gift from Nemelex Xobeh
  3725 | D:5      | Reached skill level 1 in Evocations
  3725 | D:5      | HP: 7/32 [ogre skeleton (4)]
  3742 | D:5      | HP: 8/32 [ogre skeleton (5)]
  3751 | D:5      | HP: 3/32 [ogre skeleton (9)]
  3972 | D:5      | Reached skill level 2 in Evocations
  3972 | D:5      | Gained mutation: You have razor-sharp teeth. [vine stalker growth]
  3972 | D:5      | Reached XP level 8. HP: 33/36 MP: 17/17
  4183 | D:5      | Reached skill level 3 in Evocations
  4507 | D:5      | Acquired Nemelex Xobeh's first power
  4572 | D:6      | Reached skill level 4 in Evocations
  4700 | D:6      | Found a glowing drain.
  4738 | D:6      | Reached skill level 5 in Evocations
  4768 | Sewer    | Entered a sewer
  5007 | Sewer    | Reached skill level 6 in Evocations
  5269 | D:6      | Reached skill level 7 in Evocations
  5435 | D:6      | Reached XP level 9. HP: 33/39 MP: 16/20
  5627 | D:6      | Reached skill level 8 in Evocations
  5820 | D:7      | Found Hiaqi's Book Boutique.
  5866 | D:7      | Found Zazoanuo's General Store.
  5873 | D:7      | Acquired Nemelex Xobeh's second power
  5935 | D:7      | Found Imeocenu's Antique Armour Boutique.
  5944 | D:7      | Bought a buckler for 117 gold pieces
  5944 | D:7      | Bought a runed robe for 18 gold pieces
  6057 | D:7      | Reached skill level 1 in Shields
  6225 | D:8      | Noticed Erolcha
  6241 | D:8      | HP: 5/39 [Erolcha/bolt of fire (10)]
  6404 | D:7      | Found a deep blue altar of Sif Muna.
  6411 | D:7      | Noticed hunterx7d's ghost (experienced DrTm)
  6462 | D:7      | HP: 10/39 [hunterx7d's ghost/blast of negative energy (15)]
  6587 | D:8      | Reached skill level 2 in Shields
  6775 | D:8      | Reached skill level 3 in Shields
  6790 | D:8      | Reached skill level 9 in Evocations
  6827 | D:8      | Reached skill level 4 in Shields
  6866 | D:8      | Reached XP level 10. HP: 41/44 MP: 19/24
  6881 | D:8      | Acquired Nemelex Xobeh's third power
  6881 | D:8      | Received a gift from Nemelex Xobeh
  7001 | D:8      | Killed Erolcha
  7001 | D:8      | Reached skill level 5 in Shields
  7001 | D:8      | Reached skill level 10 in Evocations
  7005 | D:8      | Upgraded the game from 0.14-a0-3295-g3fd807f to 0.14-a0-3315-g09e681a
  7253 | D:8      | Learned a level 3 spell: Vampiric Draining
  7615 | D:7      | Found Kejiux's Antique Weapon Shop.
  7803 | D:9      | Reached skill level 3 in Spellcasting
  7984 | D:9      | Learned a level 4 spell: Control Undead
  8000 | D:9      | Received a gift from Nemelex Xobeh
  8020 | D:9      | Found a staircase to the Orcish Mines.
  8263 | D:9      | Paralysed by a giant eyeball for 2 turns
  8267 | D:9      | Paralysed by a giant eyeball for 2 turns
  8270 | D:9      | Paralysed by a giant eyeball for 4 turns
  8314 | D:9      | Reached skill level 4 in Spellcasting
  8959 | D:10     | Entered Level 10 of the Dungeon
  8971 | D:9      | HP: 8/44 [crocodile (10)]
  9209 | D:10     | HP: 11/44 [something (7)]
  9214 | D:9      | HP: 9/44 [something (2)]
  9219 | D:9      | HP: 7/44 [something (2)]
  9312 | D:9      | HP: 12/44 [something (5)]
  9316 | D:9      | HP: 5/44 [something (4)]
  9322 | D:10     | HP: 2/44 [something (5)]
  9325 | D:10     | Slain by an unseen horror

Vanquished Creatures
  Erolcha (D:8)
  A hungry ghost (D:9)
  A sky beast (D:5)
  A centaur (D:9)
  4 ogres
  A phantom (D:5)
  2 crocodiles (D:9)
  17 big kobolds
  Blork the orc (D:4)
  4 giant frogs
  6 scorpions
  4 killer bees (D:9)
  3 crimson imps
  4 orc priests
  A two-headed ogre zombie (D:8)
  A centaur zombie (D:6)
  A jelly (D:7)
  A quasit (D:7)
  A giant frog zombie (D:8)
  2 hounds (D:6)
  9 worker ants
  2 iguanas
  6 orc wizards
  6 ogre zombies (D:9)
  An ogre skeleton (D:5)
  A mummy (D:7)
  3 gnolls (D:5)
  19 adders
  A green rat (Sewer)
  A shadow imp (D:7)
  An inept feature mimic (D:2)
  3 giant mites
  2 worms
  A giant eyeball (D:9)
  3 giant geckos
  22 orcs
  7 giant cockroaches
  A gnoll zombie (D:5)
  11 goblins
  14 hobgoblins
  9 jackals
  5 quokkas
  10 bats
  A giant gecko zombie (D:7)
  A giant newt (D:3)
  A goblin zombie (D:9)
  A hobgoblin skeleton (D:4)
  2 hobgoblin zombies (D:9)
  A jackal skeleton (D:5)
  27 kobolds
  4 orc skeletons (D:9)
  9 orc zombies (D:9)
  A quokka skeleton (D:6)
  13 rats
  A ballistomycete (D:6)
257 creatures vanquished.

Vanquished Creatures (collateral kills)
  A hydra skeleton (D:9)
  A sky beast (D:6)
  A phantom (D:9)
  An orc warrior (D:8)
  An ogre (D:4)
  A scorpion (D:9)
  An orc priest (D:9)
  An orc wizard (D:5)
  A worker ant (D:8)
  Ijyb (D:3)
  2 ogre zombies (D:9)
  A gnoll (D:5)
  An orange rat skeleton (Sewer)
  A shadow imp (D:4)
  2 orcs (D:5)
  A bat (D:9)
  A goblin (D:2)
  A jackal (D:4)
  A kobold (D:3)
  2 green rat skeletons (Sewer)
  3 hobgoblin zombies (D:9)
  An orc skeleton (D:9)
  5 orc zombies (D:9)
  2 rats
  A rat zombie (Sewer)
  A bush (D:2)
36 creatures vanquished.

Vanquished Creatures (others)
  A crocodile skeleton (D:9)
  An ogre skeleton (D:5)
  An iguana skeleton (D:9)
  An adder skeleton (D:3)
  3 bat skeletons
  A hobgoblin (D:8)
  A giant gecko skeleton (D:4)
  A giant newt skeleton (D:3)
  A giant spore (D:6)
  2 gnoll skeletons (D:5)
  2 goblin skeletons
  A hobgoblin skeleton (D:3)
  A jackal skeleton (D:5)
  A kobold skeleton (D:3)
  9 orc skeletons
  A quokka skeleton (D:7)
  3 rat skeletons
31 creatures vanquished.

Grand Total: 324 creatures vanquished
